 Dungeon Crawl Stone Soup version 0.18-a0-1584-g146024a (webtiles) character file.

179202 MrRokkomies the Fighter (level 17, -1/135 HPs)
             Began as a Vampire Enchanter on Mar 16, 2016.
             Was the Champion of Makhleb.
             Slain by Aizul (17 damage)
             ... on level 1 of the Shoals on Mar 18, 2016.
             The game lasted 04:46:52 (37908 turns).

MrRokkomies the Fighter (Vampire Enchanter)        Turns: 37908, Time: 04:46:53

Health: -1/135     AC: 25    Str: 10 (11) XL:     17   Next: 29%
Magic:  28/28      EV: 13    Int: 20      God:    Makhleb [******]
Gold:   1092       SH:  0    Dex: 21      Spells: 8 memorised, 0 levels left

rFire  + . .     SeeInvis +     d - +3 scimitar (freeze)
rCold  + . .     Gourm    .     A - +5 scale mail of Surprise {rElec Str+3 Slay+4}
rNeg   + + .     Faith    .     (no shield)
rPois  +         Spirit   .     m - +2 helmet
rElec  +         Dismiss  .     M - +2 cloak
rCorr  .         Reflect  .     g - +2 pair of gloves {Dex+3}
SustAt .         Harm     .     w - +0 pair of boots
MR     +++..                    h - amulet of magic regeneration
Stlth  ++........               L - ring of protection from magic
                                c - ring "Pifef" {rF+ MR+ Int-2 Dex+2}

@: lethally poisoned (-1 -> -10), regenerating slowly, extremely resistant to
hostile enchantments, unstealthy
A: fangs 3, see invisible, unbreathing
a: Bat Form, Minor Destruction, Lesser Servant of Makhleb, Major Destruction,
Greater Servant of Makhleb, Renounce Religion
}: 1/15 runes: gossamer


You were on level 1 of the Shoals.
You worshipped Makhleb.
Makhleb was exalted by your worship.
You were very thirsty.

You visited 6 branches of the dungeon, and saw 31 of its levels.
You also visited: Ossuary.

You collected 3265 gold pieces.
You spent 2173 gold pieces at shops.

Inventory:

Hand Weapons
 a - a +9 quick blade
 b - a +0 blowgun
 d - a +3 scimitar of freezing (weapon)
Missiles
 t - 72 poisoned needles
 E - 9 javelins (quivered)
 F - 16 curare-tipped needles
 G - 6 javelins of penetration
 J - 7 throwing nets
 O - 11 tomahawks
Armour
 g - a +2 pair of gloves of dexterity (worn)
 m - a +2 helmet (worn)
 w - a +0 pair of boots (worn)
 A - the +5 scale mail of Surprise (worn) {rElec Str+3 Slay+4}
   (You bought it in a shop on level 11 of the Dungeon)

   It affects your strength (+3).
   It affects your accuracy and damage with ranged weapons and melee attacks
   (+4).
   It insulates you from electricity.
 M - a +2 cloak (worn)
Jewellery
 c - the ring "Pifef" (left hand) {rF+ MR+ Int-2 Dex+2}
   (You found it on level 1 of the Lair of Beasts)

   [ring of protection from fire]

   It affects your intelligence (-2).
   It affects your dexterity (+2).
   It protects you from fire.
   It affects your resistance to hostile enchantments.
 h - an amulet of magic regeneration (around neck)
 s - an uncursed ring of flight
 z - an uncursed ring of protection from fire
 L - a ring of protection from magic (right hand)
Wands
 l - a wand of iceblast (9/15)
 x - a wand of lightning (6/15)
 y - a wand of disintegration (8/24)
 R - a wand of hasting (4/9)
 Z - a wand of digging (15/24)
Scrolls
 k - 5 scrolls of magic mapping
 u - 5 scrolls of fog
 v - 17 scrolls of remove curse
 C - 5 scrolls of identify
 D - a scroll of recharging
 I - 4 scrolls of teleportation
 K - 2 scrolls of fear
Potions
 f - 4 potions of brilliance
 j - 4 potions of ambrosia
 o - 3 potions of might
 p - 8 potions of curing
 q - a potion of magic
 r - 5 potions of cancellation
 B - 2 potions of haste
 N - 3 potions of resistance
 P - 2 potions of agility
 V - 4 potions of flight
Miscellaneous
 W - a phial of floods (inert)
 X - a fan of gales (inert)


   Skills:
 - Level 12.6 Fighting
 - Level 8.4(11.7) Short Blades
 - Level 12.0(12.7) Long Blades
 - Level 6.2 Throwing
 - Level 10.7 Armour
 - Level 7.0 Dodging
 - Level 6.0 Stealth
 - Level 7.8 Spellcasting
 - Level 5.9 Conjurations
 - Level 11.0 Hexes
 * Level 2.7 Charms
 - Level 10.0 Ice Magic
 * Level 2.2 Air Magic
 - Level 10.0 Invocations


You couldn't memorise any spells.
You knew the following spells:

 Your Spells              Type           Power        Failure   Level  Hunger
a - Dazzling Spray        Conj/Hex       #####...     4%          3    None
b - Ensorcelled Hibernat  Hex/Ice        ######       1%          2    None
c - Confuse               Hex            ######..     1%          3    None
d - Tukima's Dance        Hex            ######..     1%          3    None
e - Metabolic Englaciati  Hex/Ice        ######....   14%         5    #####..
f - Cause Fear            Hex            ######....   4%          4    ###....
g - Silence               Hex/Air        ####......   75%         5    #####..
h - Deflect Missiles      Chrm/Air       ###.......   100%        6    ######.


Dungeon Overview and Level Annotations

Branches:
Dungeon (15/15)            Temple (1/1) D:6            Lair (8/8) D:10
 Shoals (1/4) Lair:3       Spider (4/4) Lair:6        Slime (0/6) Lair:8
    Orc (2/2) D:12            Elf (0/3) Orc:2        Vaults (0/5) D:13
 Depths (0/5) D:15

Altars:
Cheibriados
Dithmenos
Elyvilon
Fedhas
Gozag
Kikubaaqudgha
Makhleb
Nemelex Xobeh
Okawaru
Pakellas
Qazlal
Ru
Sif Muna
Trog
Vehumet
Xom
Yredelemnul
Zin
The Shining One
Beogh
Jiyva

Shops:
D:11 }}[   D:14 %   Orc:2 %=(?

Annotations:
D:14 exclusion: Roxanne, Roxanne
Lair:8 1 runed door
Shoals:1 Aizul


Innate Abilities, Weirdness & Mutations

You heal slowly.
You have razor-sharp teeth.
You have supernaturally acute eyesight.
You can survive without breathing.


Message History

Your air elemental hits Aizul but does no damage.
Aizul hits your air elemental!
Your air elemental is destroyed!
Aizul shouts!
Read which item? (? for menu, Esc to quit)
As you read the scroll of fog, it crumbles to dust.
The scroll dissolves into smoke.
Splash!
You fall into the shallow water.
Moving in this stuff is going to be slow.
Aizul casts a spell at you. The poison arrow hits you!
You are poisoned.
You partially resist.
* * * LOW HITPOINT WARNING * * *
A snapping turtle comes into view.
You feel sick.
The snapping turtle hisses angrily.
Aizul hits you!
You die...

≈≈≈≈≈P≈..#...≈P†.≈P≈≈≈≈≈......≈()
≈≈≈≈≈(≈≈.PPP≈≈≈P≈≈≈≈≈≈≈≈.###...≈(
≈≈≈≈.≈≈...P..≈≈P≈≈≈≈≈≈≈≈.# #....≈
≈≈≈P≈≈≈.PPPP.≈≈PP≈≈≈≈≈≈≈.###.....
≈≈≈≈P≈.P≈P≈..≈P§P≈≈....≈.>.......
≈≈≈≈≈≈≈≈≈≈≈≈§§§≈§≈.###.≈≈≈..###..
≈≈≈≈≈≈≈≈≈≈≈§§§PP≈≈.# #.≈≈≈..# ###
≈≈...)≈S≈..§§P§P≈≈.###..≈≈≈.####
≈≈....≈≈...##§§S@≈..#..≈≈≈≈....#
≈≈.....≈...#§≈§≈≈≈≈≈..≈≈≈≈≈≈...##
(≈(.##..≈≈≈≈≈≈≈§≈≈≈≈≈≈≈≈≈≈≈≈≈...#
S..##..≈≈≈≈≈≈§§≈≈≈≈≈≈≈≈≈≈≈≈≈≈....
≈...##...≈..≈≈≈≈≈≈≈≈≈≈≈≈≈≈≈≈.≈...
########...t≈≈≈≈≈≈≈≈≈≈≈≈≈≈≈≈≈≈≈≈.
# #.≈≈≈≈≈≈≈≈≈≈≈≈≈≈≈≈≈≈≈≈≈≈≈. .
.≈≈≈≈≈≈≈≈≈≈≈≈≈≈≈≈≈≈≈≈≈≈≈≈. ..
≈≈≈≈≈≈≈≈≈.≈≈≈≈≈≈≈≈≈≈≈≈≈≈≈≈


You could see Aizul and a snapping turtle.

Vanquished Creatures
  Gastronok (D:12)
  A kraken (Shoals:1)
  Kirke (D:14)
  Agnes (D:14)
  2 ghost moths (Spider:4)
  7 emperor scorpions
  4 dire elephants (Lair:8)
  A spark wasp (Spider:4)
  A fire dragon (D:15)
  Snorg (D:10)
  An entropy weaver (Spider:3)
  10 hydras
  A catoblepas (D:15)
  A merfolk avatar (Shoals:1)
  An ice dragon (shapeshifter) (D:15)
  7 centaur warriors
  An anaconda (Lair:8)
  Erica (D:10)
  3 death yaks (Lair:4)
  An ogre mage (D:15)
  4 orc high priests (Orc:2)
  A skeletal warrior (D:13)
  The ghost of SirMumm the Thaumaturge, a novice DEWz of Vehumet (D:10)
  2 unseen horrors
  5 hill giants
  A deep elf mage (D:15)
  Pikel (D:7)
  4 orc knights
  17 orb spiders
  An orc sorcerer (Orc:2)
  4 fauns (Shoals:1)
  A cyclops (D:13)
  A moth of wrath (shapeshifter) (D:15)
  23 wolf spiders
  2 griffons
  A manticore (Shoals:1)
  7 hornets
  9 ugly things
  4 moths of wrath
  Joseph (D:8)
  7 elephants
  A black mamba (shapeshifter) (D:15)
  The ghost of trgk the Carver, a novice MiFi of the Shining One (D:6)
  4 black mambas
  13 spiny frogs
  3 rime drakes
  8 komodo dragons
  3 yaktaurs (D:13)
  2 kobold demonologists
  12 demonic crawlers
  6 trolls
  3 merfolk (Shoals:1)
  34 jumping spiders
  3 two-headed ogres
  Grinder (D:5)
  14 slime creatures
  29 blink frogs
  6 boulder beetles
  A shadow (D:15)
  66 redbacks
  A dancing weapon (D:15)
  A spriggan (D:7)
  79 yaks
  2 water elementals (D:12)
  3 wyverns
  A wraith (D:10)
  33 tarantellas
  2 basilisks
  A human (shapeshifter) (D:15)
  The ghost of Psiweapon the Chopper, an amateur HOGl (D:4)
  8 hippogriffs
  2 hogs (D:14)
  4 hungry ghosts
  Edmund (D:5)
  2 wargs
  18 water moccasins
  16 porcupines
  Duvessa (D:7)
  26 orc warriors
  A sky beast (D:10)
  7 ice beasts
  2 necrophages
  An eye of draining (D:8)
  2 slaves (D:7)
  2 black bears
  4 phantoms
  4 wasps
  4 boggarts (D:15)
  3 wolves (Lair:4)
  9 ogres
  12 centaurs
  17 crocodiles
  7 big kobolds
  An elf zombie (Ossuary)
  Blork the orc (D:6)
  28 giant frogs
  A gnoll sergeant (D:9)
  A wyvern zombie (D:14)
  3 scorpions
  2 wyvern skeletons
  Dowan (D:7)
  8 killer bees
  A wight (D:8)
  An electric eel (D:12)
  9 howler monkeys
  3 crimson imps
  5 centaur zombies
  A giant frog zombie (D:11)
  6 jellies
  38 orc priests
  Crazy Yiuf (D:7)
  2 giant frog skeletons
  5 hounds
  37 orc wizards
  8 centaur skeletons
  8 iguanas
  Terence (D:2)
  Natasha (twice) (D:2)
  11 worker ants
  A killer bee zombie (D:7)
  29 sheep
  2 big kobold zombies (Ossuary)
  A hound zombie (D:10)
  3 hound skeletons (D:7)
  2 mummies (Ossuary)
  Robin (D:2)
  8 gnolls
  13 adders
  72 river rats
  2 shadow imps
  An ooze (D:3)
  4 adder skeletons
  A worm (D:4)
  A dart slug (D:1)
  8 giant geckos
  112 orcs
  4 giant cockroaches
  18 goblins
  13 hobgoblins
  8 jackals
  23 kobolds
  6 quokkas
  A ball python (D:2)
  9 bats
  8 giant newts
  2 gnoll zombies (Ossuary)
  A goblin zombie (Ossuary)
  A hobgoblin zombie (Ossuary)
  A jackal skeleton (D:4)
  A jackal zombie (D:7)
  6 orc zombies (Ossuary)
  10 rats
  A fungus (D:7)
  2 plants (Lair:8)
1192 creatures vanquished.

Vanquished Creatures (collateral kills)
  Erolcha (D:8)
  Sonja (D:10)
  Psyche (D:8)
  2 two-headed ogres (D:15)
  2 yaks (Lair:7)
  Menkaure (D:7)
  8 orc warriors
  9 ogres
  A gnoll sergeant (D:10)
  A wyvern skeleton (D:9)
  4 wights (D:8)
  A quasit (D:9)
  5 orc priests
  An orc wizard (D:5)
  5 gnolls
  17 orcs
  3 kobolds (D:9)
  A quokka skeleton (D:9)
64 creatures vanquished.

Vanquished Creatures (others)
  9 dancing weapons
  A tarantella (Spider:1)
  2 humans (D:14)
  A killer bee (D:9)
  5 fungi
  12 plants
30 creatures vanquished.

Grand Total: 1286 creatures vanquished

Notes
Turn   | Place    | Note
--------------------------------------------------------------
     0 | D:1      | MrRokkomies the Vampire Enchanter began the quest for the Orb.
     0 | D:1      | Reached XP level 1. HP: 13/13 MP: 3/3
   327 | D:1      | Reached XP level 2. HP: 13/19 MP: 5/5
   334 | D:1      | Learned a level 2 spell: Ensorcelled Hibernation
   715 | D:1      | Reached skill level 5 in Hexes
  1118 | D:2      | Reached skill level 1 in Ice Magic
  1118 | D:2      | Reached XP level 3. HP: 21/24 MP: 1/6
  1304 | D:2      | Noticed Natasha
  1327 | D:2      | Killed Natasha
  1428 | D:2      | Noticed Terence
  1431 | D:2      | Reached XP level 4. HP: 30/30 MP: 7/7
  1461 | D:2      | Killed Terence
  1539 | D:2      | Noticed Robin
  1544 | D:2      | Killed Robin
  1579 | D:2      | Reached XP level 5. HP: 35/35 MP: 8/8
  1588 | D:2      | Learned a level 3 spell: Confuse
  1637 | D:2      | Found a basalt altar of Yredelemnul.
  1817 | D:2      | Noticed Natasha
  1824 | D:2      | Killed Natasha
  2203 | D:3      | Reached skill level 5 in Stealth
  2593 | D:3      | Found a shimmering altar of Xom.
  2595 | D:3      | Reached XP level 6. HP: 41/41 MP: 9/9
  3031 | D:4      | Reached skill level 5 in Short Blades
  3094 | D:4      | Learned a level 3 spell: Tukima's Dance
  3160 | D:4      | Found an ancient bone altar of Kikubaaqudgha.
  3160 | D:4      | Found an iron altar of Okawaru.
  3250 | D:4      | Noticed Psiweapon's ghost (amateur HOGl)
  3294 | D:4      | Killed Psiweapon's ghost
  3294 | D:4      | Reached XP level 7. HP: 38/46 MP: 5/10
  3562 | D:5      | Entered Level 5 of the Dungeon
  3624 | D:5      | Noticed Grinder
  3641 | D:5      | Killed Grinder
  3641 | D:5      | Reached skill level 5 in Dodging
  3926 | D:5      | Reached skill level 1 in Fighting
  4110 | D:5      | Reached XP level 8. HP: 40/56 MP: 11/11
  4532 | D:5      | Noticed Edmund
  4543 | D:5      | Killed Edmund
  4730 | D:6      | Noticed trgk's ghost (novice MiFi)
  4776 | D:6      | Killed trgk's ghost
  5224 | D:6      | Noticed Blork the orc
  5236 | D:6      | Killed Blork the orc
  5558 | D:6      | Found a staircase to the Ecumenical Temple.
  5564 | Temple   | Entered the Ecumenical Temple
  5757 | Temple   | Became a worshipper of Makhleb the Destroyer
  5854 | D:6      | Reached skill level 5 in Fighting
  5854 | D:6      | Reached XP level 9. HP: 66/68 MP: 5/12
  5856 | D:6      | Reached skill level 1 in Throwing
  6181 | D:6      | Found a snail-covered altar of Cheibriados.
  6402 | D:7      | Learned a level 3 spell: Dazzling Spray
  6535 | D:7      | Reached * piety under Makhleb
  6611 | D:7      | Noticed Menkaure
  6631 | D:7      | Killed Menkaure
  6808 | D:7      | Reached skill level 10 in Hexes
  7259 | D:7      | Reached ** piety under Makhleb
  7260 | D:7      | Noticed Pikel
  7338 | D:7      | Killed Pikel
  7338 | D:7      | Reached XP level 10. HP: 74/74 MP: 13/13
  7358 | D:7      | Found an opulent altar of Gozag.
  7407 | D:7      | Noticed Duvessa
  7409 | D:7      | Noticed Dowan
  7413 | D:7      | Killed Dowan
  7433 | D:7      | Killed Duvessa
  7433 | D:7      | Reached skill level 5 in Throwing
  7462 | D:7      | Noticed Crazy Yiuf
  7467 | D:7      | Killed Crazy Yiuf
  7573 | D:7      | Found a glowing silver altar of Zin.
  7711 | D:8      | Noticed Joseph
  7727 | D:8      | Killed Joseph
  7810 | D:8      | Found a sand-covered staircase.
  7816 | Ossuary  | Entered an ossuary
  8226 | D:8      | Noticed Psyche
  8242 | D:8      | Killed Psyche
  8307 | D:8      | Noticed Erolcha
  8330 | D:8      | Killed Erolcha
  8330 | D:8      | Reached *** piety under Makhleb
  8517 | D:8      | Found an oddly glowing altar of Pakellas.
  9097 | D:9      | Noticed a centaur warrior
  9100 | D:9      | Killed a centaur warrior
  9100 | D:9      | Reached XP level 11. HP: 84/86 MP: 14/14
  9135 | D:9      | Reached **** piety under Makhleb
  9448 | D:9      | Reached skill level 1 in Long Blades
  9991 | D:9      | Reached ***** piety under Makhleb
 10355 | D:10     | Entered Level 10 of the Dungeon
 10356 | D:10     | Noticed an unseen horror
 10362 | D:10     | Killed an unseen horror
 10789 | D:10     | Noticed a hill giant
 10808 | D:10     | Killed a hill giant
 11067 | D:10     | Noticed Sonja
 11070 | D:10     | Noticed Snorg
 11076 | D:10     | Noticed SirMumm's ghost (novice DEWz)
 11081 | D:10     | Killed Sonja
 11086 | D:10     | Killed Snorg
 11086 | D:10     | Reached skill level 5 in Long Blades
 11101 | D:10     | Killed SirMumm's ghost
 11158 | D:10     | Noticed Erica
 11189 | D:10     | Noticed a hill giant
 11195 | D:10     | Killed Erica
 11215 | D:10     | Killed a hill giant
 11236 | D:10     | Reached skill level 10 in Fighting
 11443 | D:10     | Found a staircase to the Lair.
 11752 | Lair:1   | Entered Level 1 of the Lair of Beasts
 11821 | Lair:1   | Noticed a four-headed hydra
 11840 | Lair:1   | Killed a four-headed hydra
 11840 | Lair:1   | Reached XP level 12. HP: 97/97 MP: 15/15
 11914 | Lair:1   | Got a steaming amber ring
 11915 | Lair:1   | Identified the ring "Pifef" {rF+ MR+ Int-2 Dex+2} (You found it on level 1 of the Lair of Beasts)
 12708 | Lair:2   | Reached ****** piety under Makhleb
 12967 | Lair:2   | Reached skill level 5 in Ice Magic
 13016 | Lair:2   | Reached skill level 1 in Invocations
 13091 | Lair:2   | Upgraded the game from 0.18-a0-1574-g3f9d221 to 0.18-a0-1576-g2b87869
 13668 | Lair:3   | Found a snail-covered altar of Cheibriados.
 14114 | Lair:3   | Reached skill level 5 in Invocations
 14131 | Lair:3   | Found a staircase to the Shoals.
 14535 | Lair:4   | Noticed a four-headed hydra
 14554 | Lair:4   | Killed a one-headed hydra
 14754 | Lair:4   | Noticed a death yak
 14769 | Lair:4   | Noticed a death yak
 14773 | Lair:4   | Noticed a death yak
 14807 | Lair:4   | Killed a death yak
 14807 | Lair:4   | Reached skill level 10 in Long Blades
 14808 | Lair:4   | Killed a death yak
 14808 | Lair:4   | Reached XP level 13. HP: 103/103 MP: 1/17
 17110 | Lair:6   | Found a hole to the Spider Nest.
 18118 | Lair:7   | Reached skill level 1 in Conjurations
 18573 | Lair:7   | Reached XP level 14. HP: 103/110 MP: 21/21
 19357 | Lair:8   | Entered Level 8 of the Lair of Beasts
 19455 | Lair:8   | Found a runed door.
 19456 | Lair:8   | Found a viscous altar of Jiyva.
 19456 | Lair:8   | Noticed an azure jelly
 19458 | Lair:8   | Noticed an azure jelly
 19459 | Lair:8   | Found a staircase to the Slime Pits.
 19551 | Lair:8   | Reached skill level 10 in Invocations
 20720 | Lair:8   | Reached skill level 5 in Conjurations
 20745 | Lair:8   | Got a bloodstained robe
 20760 | Lair:8   | Identified the +0 robe of the Alphagorgon {Slay+3} (You found it on level 8 of the Lair of Beasts)
 21415 | D:11     | Identified the Compendium of Attacks and Fire
 21447 | D:11     | Identified the Tome of the Snowflakes and Malediction
 21455 | D:11     | Learned a level 5 spell: Metabolic Englaciation
 21517 | D:11     | Found Pisoxo's Gadget Shoppe.
 21753 | D:11     | Found Jeijie's Armour Shoppe.
 21761 | D:11     | Bought the +5 scale mail of Surprise {rElec Str+3 Slay+4} for 925 gold pieces
 22069 | D:11     | Found Waatodef's Gadget Emporium.
 22322 | D:11     | Reached skill level 1 in Armour
 22886 | D:12     | Noticed Gastronok
 22911 | D:12     | Killed Gastronok
 23110 | D:12     | Found a shadowy altar of Dithmenos.
 23686 | D:12     | Found a staircase to the Orcish Mines.
 24005 | Orc:1    | Entered Level 1 of the Orcish Mines
 24230 | Orc:2    | Entered Level 2 of the Orcish Mines
 24973 | Orc:2    | Found a staircase to the Elven Halls.
 25929 | Orc:2    | Reached skill level 5 in Armour
 25929 | Orc:2    | Reached XP level 15. HP: 115/115 MP: 22/22
 26582 | Orc:2    | Found Picseudd's Magic Scroll Shop.
 26582 | Orc:2    | Found Vaad's Jewellery Boutique.
 26583 | Orc:2    | Found Foufyorph's Food Boutique.
 26586 | Orc:2    | Found Yfoch's Weapon Shop.
 26624 | Orc:2    | Bought 2 scrolls of acquirement for 1248 gold pieces
 27297 | D:12     | Upgraded the game from 0.18-a0-1576-g2b87869 to 0.18-a0-1584-g146024a
 27411 | D:13     | Found a sacrificial altar of Ru.
 27681 | D:13     | Found a roughly hewn altar of Beogh.
 27830 | D:13     | Found a gate to the Vaults.
 28584 | D:14     | Noticed Agnes
 28590 | D:14     | Killed Agnes
 28598 | D:14     | Noticed Roxanne
 29149 | D:14     | Noticed Kirke
 29172 | D:14     | Killed Kirke
 29209 | D:14     | Found Sadaiv's Food Boutique.
 29736 | D:15     | Entered Level 15 of the Dungeon
 30471 | D:15     | Found a staircase to the Depths.
 30711 | D:15     | Reached skill level 10 in Armour
 31044 | D:15     | Found a blossoming altar of Fedhas.
 32326 | Spider:1 | Entered Level 1 of the Spider Nest
 32507 | Spider:1 | Reached XP level 16. HP: 122/122 MP: 20/23
 34034 | Spider:2 | Reached skill level 10 in Ice Magic
 34620 | Spider:3 | Learned a level 4 spell: Cause Fear
 35412 | Spider:3 | Reached skill level 5 in Spellcasting
 35469 | Spider:4 | Entered Level 4 of the Spider Nest
 36435 | Spider:4 | Reached XP level 17. HP: 111/133 MP: 13/27
 36528 | Spider:4 | Learned a level 5 spell: Silence
 36935 | Spider:4 | Got a gossamer rune of Zot
 37437 | Lair:1   | Learned a level 6 spell: Deflect Missiles
 37518 | Shoals:1 | Entered Level 1 of the Shoals
 37531 | Shoals:1 | Noticed a kraken
 37565 | Shoals:1 | Killed a kraken
 37565 | Shoals:1 | Reached skill level 1 in Charms
 37565 | Shoals:1 | Reached skill level 1 in Air Magic
 37861 | Shoals:1 | Noticed Aizul
 37908 | Shoals:1 | Slain by Aizul

Vault maps used:
D:1:      dpeg_arrival_tiny_g
D:2:      lemuel_tele_altar, uniq_terence, uniq_natasha, uniq_robin
D:3:      tgw_xom, first_bread
D:4:      gammafunk_temple_overflow_elements
D:5:      uniq_edmund, uniq_grinder
D:6:      minmay_temple_entry_fiery, basic_altar, kennysheep_another_room,
          uniq_blork_the_orc
D:7:      zin_treasury, lemuel_crystal_altar, the_bakery,
          kennysheep_small_square, uniq_menkaure, uniq_crazy_yiuf_cottage,
          uniq_duvessa, uniq_pikel
D:8:      grunt_pakellas_basics, nicolae_ossuary_entry_monument, uniq_psyche,
          uniq_erolcha, uniq_joseph
D:9:      hangedman_cross_stitches, hangedman_corner_corridor
D:10:     lair_0_dummy, uniq_snorg, uniq_sonja, uniq_erica
D:11:     minmay_wavy_crystal, serial_shops, shop_statue, shop,
          nicolae_shop_temple_entry_statues_fountains
D:12:     erik_orc_2, nicolae_dithmenos_shadow_blocks, uniq_gastronok
D:13:     hangedman_vaults_entry_quadrant_bands, special_room,
          nicolae_ru_sacrificial_ziggurat
D:14:     serial_shops, shop, hangedman_abyss_or_decor_stabs, uniq_roxanne,
          uniq_agnes, uniq_kirke
D:15:     gammafunk_enter_depths_forms, fedhas_altar_1
Temple:   minmay_temple_curvy_14
Lair:1:   infiniplex_staircase_pool
Lair:3:   elwin_shoals_entry_rocks, basic_altar
Lair:5:   kennysheep_catoblepas_arena, grunt_megastairs_5
Lair:6:   spider_nest_entry_funnel_web
Lair:7:   serial_bayou_pond_d, infiniplex_staircase_pool_2
Lair:8:   due_jungle_book, slime_altar_2, st_stairs_8
Shoals:1: uniq_aizul
Spider:4: grunt_spider_rune_parallel
Orc:1:    serial_shops, nicolae_shop_trees, special_room
Orc:2:    st_orc_mages, minmay_orc_barracks
Ossuary:  minmay_ossuary_gauntlet

Skill      XL: |  1  2  3  4  5  6  7  8  9 10 11 12 13 14 15 16 17 |
---------------+----------------------------------------------------+-----
Hexes          | 5 6 11 | 11.0
Short Blades   | 2 3 4 5 7 8 |  8.4
Ice Magic      | 1 2 3 5 7 8 10 | 10.0
Stealth        | 5 6 |  6.0
Dodging        | 3 5 6 7 |  7.0
Fighting       | 2 5 7 10 12 | 12.6
Throwing       | 4 6 |  6.2
Long Blades    | 6 10 12 | 12.0
Invocations    | 6 9 10 | 10.0
Conjurations   | 2 5 |  5.9
Armour         | 5 10 | 10.7
Spellcasting   | 6 7 |  7.8
Charms         | 2 |  2.7
Air Magic      | 2 |  2.2

Action                   |  1- 3 |  4- 6 |  7- 9 | 10-12 | 13-15 | 16-18 || total
-------------------------+-------+-------+-------+-------+-------+-------++-------
Melee: Dagger            |    78 |   203 |   415 |  1204 |  1294 |       ||  3194
       Scimitar          |       |       |       |    22 |   547 |    52 ||   621
       Quick blade       |       |       |       |       |   491 |   940 ||  1431
       Great sword       |       |       |       |       |    46 |       ||    46
 Fire: Blowgun           |       |       |       |    13 |    29 |     1 ||    43
Throw: Javelin           |       |     6 |    25 |    23 |    37 |     5 ||    96
       Tomahawk          |       |       |       |       |     6 |    19 ||    25
 Cast: Ensorcelled Hiber |     6 |    31 |    54 |   107 |   223 |   139 ||   560
       Confuse           |       |     3 |    22 |    58 |    56 |    54 ||   193
       Tukima's Dance    |       |       |     6 |    37 |    78 |       ||   121
       Dazzling Spray    |       |       |       |     9 |    23 |     1 ||    33
       Metabolic Englaci |       |       |       |       |       |     2 ||     2
       Cause Fear        |       |       |       |       |       |     1 ||     1
 Abil: End Transformatio |       |       |       |       |     1 |       ||     1
       Bat Form          |       |       |       |       |     1 |       ||     1
Evoke: Wand              |       |       |       |     2 |     4 |       ||     6
       Fan of gales      |       |       |       |       |       |     1 ||     1
       Phial of floods   |       |       |       |       |       |     1 ||     1
  Use: Scroll            |     3 |    11 |     5 |    20 |    17 |     7 ||    63
       Potion            |     2 |       |     1 |     2 |     5 |    12 ||    22
 Stab: Sleeping          |     7 |    33 |    29 |    94 |   140 |    91 ||   394
       Confused          |       |     3 |    15 |    35 |    38 |    47 ||   138
       Distracted        |       |       |     4 |     1 |     5 |     1 ||    11
       Invisible         |       |       |       |     1 |     4 |     4 ||     9
       Held in net/web   |       |       |       |       |       |     1 ||     1
  Eat: Corpse            |     1 |     2 |     8 |    12 |    18 |     1 ||    42
